 Dungeon Crawl Stone Soup version 0.30.1-11-g7821555f0a (webtiles) character file.

Game seed: 4624256236995962335

1262 comborobin the Slicer (level 8, 0/39 HPs)
             Began as a Vine Stalker Delver on Dec 23, 2023.
             Succumbed to a water moccasin's poison
             ... on level 6 of the Dungeon.
             The game lasted 00:04:31 (3846 turns).

comborobin the Slicer (Vine Stalker Delver)         Turns: 3846, Time: 00:04:32

Health: 0/39       AC:  6    Str: 14    XL:     8   Next: 52%
Magic:  9/11       EV: 12    Int: 10    God:
Gold:   239        SH:  0    Dex: 19    Spells: 10/10 levels left

rFire   . . .        r - +0 dagger (speed)
rCold   . . .        (no shield)
rNeg    . . .        b - +0 leather armour
rPois   .            (no helmet)
rElec   .            D - +2 cloak
rCorr   .            (no gloves)
SInv    .            (no boots)
Will    +....        (no amulet)
Stlth   +++          (no ring)
HPRegen 1.06/turn    (no ring)
MPRegen 0.12/turn

%: guardian spirit
@: brilliant, lethally poisoned (0 -> -2), attractive, hasted, very quick
A: fangs 3, regeneration 1, magic shield, antimagic bite, no potion heal 2
a: no special abilities


You were on level 6 of the Dungeon.
You visited 2 branches of the dungeon, and saw 6 of its levels.
You also visited: Sewer.

You collected 239 gold pieces.

Inventory:

Hand Weapons
 a - a +0 short sword
 r - a +0 dagger of speed (weapon)
Armour
 b - a +0 leather armour (worn)
 y - the +0 robe of Impatience {Harm Rampage rF- Archmagi}
   (You took it off an orc on level 6 of the Dungeon)

   rF:        It makes you vulnerable to fire.
   Harm:      It increases damage dealt and taken.
   Rampage:   It bestows one free step when moving towards enemies.
   Archmagi:  It increases the power of your magical spells.
 D - a +2 cloak (worn)
Jewellery
 h - a ring of protection from fire
Wands
 g - a wand of digging (2)
 s - a wand of charming (11)
Scrolls
 c - 2 scrolls of fog
 d - 2 scrolls of magic mapping
 e - a scroll of fear
 j - 2 scrolls of silence {unknown}
 n - 3 scrolls of identify {unknown}
 p - 5 scrolls of teleportation {unknown}
 u - 2 scrolls of butterflies {unknown}
 w - 2 scrolls of amnesia {unknown}
 x - a scroll of poison {unknown}
 B - a scroll of enchant weapon {unknown}
Potions
 f - a potion of mutation {unknown}
 k - a potion of magic {unknown}
 l - a potion of cancellation {unknown}
 o - a potion of curing {unknown}
 q - 2 potions of lignification {unknown}
 t - a potion of ambrosia {unknown}
 v - a potion of heal wounds {unknown}
 z - a potion of degeneration {unknown}
 A - a potion of haste
 C - a potion of resistance {unknown}


   Skills:
 - Level 2.6 Fighting
 - Level 9.2 Short Blades
 - Level 1.5 Dodging
 - Level 6.0 Stealth
 + Level 1.7 Spellcasting


You had 10 spell levels left.
You didn't know any spells.
Your spell library contained the following spells:

 Spells                   Type           Power      Damage    Failure   Level
 Gell's Gravitas          Tloc           1%         N/A       77%         3
 Teleport Other           Tloc           1%         N/A       77%         3
 Dispersal                Tloc           0%         N/A       100%        6


Dungeon Overview and Level Annotations

Branches:
Dungeon (7/15)             Temple (1/1) D:4           Sewer (visited)

Altars:
Ashenzari
Elyvilon
Fedhas
Gozag
Kikubaaqudgha
Makhleb
Nemelex Xobeh
Okawaru
Qazlal
Sif Muna
Trog
Uskayaw
Vehumet
Wu Jian
Xom
Yredelemnul
Zin
The Shining One

Shops:
D:7 !


Innate Abilities, Weirdness & Mutations

You have razor-sharp teeth.
Your natural rate of healing is unusually fast.
When hurt, damage is shared between your health and your magic reserves.
Your bite disrupts and absorbs the magic of your enemies.
Potions cannot restore your health.


Message History

You feel invigorated.
The water moccasin is severely wounded.
You feel sick.
You barely miss the water moccasin. Your bite misses the water moccasin.
The water moccasin is severely wounded.
You feel sick. The water moccasin bites you.
* * * LOW HITPOINT WARNING * * *
You are lethally poisoned!
The water moccasin poisons you!
You hit the water moccasin.
The water moccasin is severely wounded.
* * * LOW HITPOINT WARNING * * *
You feel sick.
You barely miss the water moccasin. Your bite misses the water moccasin.
The water moccasin is severely wounded.
* * * LOW HITPOINT WARNING * * *
You feel sick. The water moccasin barely misses you.
You feel yourself speed up.
* * * LOW HITPOINT WARNING * * *
You feel very sick. The water moccasin misses you.
As you read the scroll of fear, it crumbles to dust.
You assume a fearsome visage.
The orc warrior looks frightened!
The orc priest looks frightened!
The water moccasin looks frightened!
* * * LOW HITPOINT WARNING * * *
You feel sick.
You hit the water moccasin but do no damage.
Your attack snaps the water moccasin out of its fear.
Your bite misses the water moccasin.
The water moccasin is severely wounded.
* * * LOW HITPOINT WARNING * * *
You feel sick.
Cornered, the water moccasin turns to fight!
It was a potion of brilliance.
You feel clever all of a sudden.
* * * LOW HITPOINT WARNING * * *
You feel sick. The water moccasin closely misses you.
It was a potion of attraction.
You feel attractive to monsters.
You die...

#
#.#.#####>....##...#.#
#
#.#......)######.#.#.##
#
#.#.......)))..#^#....#
#
#.#.#...########8##...#
###.#.##.## #^##.).####
.........# #.#†>)....#
###.#.#### #.o.......#
# #.#.###
####.........# #
#.÷...# ##.@S#.....####
#
#.#.#.######.###......#
# #............#
#.o..).# #
#.#.#.######.###.#.####
# #.....# ##...##.# #
###(### ##.###.#
#####.# #.# #.# ......#
#.# #.# ####### #.# #.#


You could see an orc warrior (fleeing), a water moccasin and an orc priest
(fleeing).

Vanquished Creatures
  2 ice beasts
  A black bear (D:4)
  An ogre (D:6)
  A centaur (D:6)
  A phantom (D:6)
  A kobold brigand (D:6)
  A bullfrog (D:6)
  A scorpion (D:4)
  2 jellies
  An orc priest (D:3)
  3 hounds (D:5)
  2 iguanas (D:6)
  5 orc wizards
  8 adders
  2 river rats (Sewer)
  An ufetubus (D:5)
  3 worms
  3 dart slugs
  34 orcs
  2 endoplasms (D:3)
  A giant cockroach (D:4)
  3 goblins
  4 hobgoblins
  9 kobolds
  2 quokkas (D:4)
  3 ball pythons (D:4)
  3 bats (D:3)
  7 frilled lizards (Sewer)
  4 rats
111 creatures vanquished.

Vanquished Creatures (others)
  An orc (D:7)
1 creature vanquished.

Grand Total: 112 creatures vanquished

Notes
Turn   | Place    | Note
-------+----------+-------------------------------------------
     0 | D:5      | comborobin the Vine Stalker Delver began the quest for the
                  | Orb.
     0 | D:5      | Reached XP level 1. HP: 11/11 MP: 2/2
    65 | D:5      | Noticed a hound
    70 | D:5      | Killed a hound
    71 | D:5      | Reached skill level 3 in Short Blades
    71 | D:5      | Reached XP level 2. HP: 14/16 MP: 1/3
    71 | D:5      | Reached XP level 3. HP: 16/19 MP: 1/4
   106 | D:4      | Gained mutation: Your natural rate of healing is unusually
                  | fast. [Vine Stalker growth]
   106 | D:4      | Reached XP level 4. HP: 9/23 MP: 3/5
   168 | D:4      | Reached skill level 4 in Short Blades
   211 | D:4      | Found a glowing drain.
   215 | Sewer    | Entered a sewer
   352 | Sewer    | Reached XP level 5. HP: 27/27 MP: 6/6
   685 | D:4      | Reached skill level 5 in Short Blades
  1039 | D:4      | Reached XP level 6. HP: 22/32 MP: 1/7
  1116 | D:4      | Noticed a black bear
  1120 | D:4      | Found a staircase to the Ecumenical Temple.
  1129 | Temple   | Entered the Ecumenical Temple
  1210 | D:4      | Killed a black bear
  1211 | D:4      | Reached skill level 6 in Short Blades
  1784 | D:3      | Found a faded altar of an unknown god.
  1848 | D:3      | Found a sparkling altar of Nemelex Xobeh.
  2071 | D:3      | Reached XP level 7. HP: 15/35 MP: 3/8
  2314 | D:5      | Noticed a balrug
  2315 | D:5      | Found a burning altar of Makhleb.
  2327 | D:5      | Found a glowing silver altar of Zin.
  2327 | D:5      | Noticed an angel
  2369 | D:5      | Reached skill level 7 in Short Blades
  2710 | D:5      | Found a shimmering blue altar of Sif Muna.
  2898 | D:6      | HP: 1/35 [ogre/+0 giant club (17)]
  2903 | D:6      | Reached skill level 8 in Short Blades
  3000 | D:6      | Identified the +0 robe of Impatience {Harm Rampage rF-
                  | Archmagi}
  3195 | D:6      | Gained mutation: You have razor-sharp teeth. [Vine Stalker
                  | growth]
  3195 | D:6      | Reached XP level 8. HP: 26/39 MP: 6/9
  3355 | D:6      | Reached skill level 9 in Short Blades
  3796 | D:7      | Found Suhyupur's Distillery.
  3809 | D:6      | Reached skill level 1 in Spellcasting
  3845 | D:6      | HP: 1/39 [poisoned by a water moccasin]
  3846 | D:6      | Succumbed to a water moccasin's poison

Illustrated notes

Levels and vault maps discovered:
D:3:      layout_loops_ring, mainiacjoe_overflow_alcove_1,
          mainiacjoe_overflow_alcove_4, hellmonk_ecumenical_altar_slurped_away
D:4:      layout_loops_ring, minmay_temple_entry_tees, gup_sewer_entry_spiral
D:5:      layout_basic, grunt_temple_overflow_order_and_chaos_2,
          lemuel_blue_sif_altar, minmay_misc_feat_chi
D:6:      layout_loops_ring, ebering_dispersal_statue_hall
D:7:      kennysheep_slugbush, layout_basic, minmay_stone_trees_small,
          grunt_decor_mini_mirrors, nrook_loot_triangle, nicolae_stop_n_shop_2,
          nrook_campfire, minmay_nine_imps, uniq_pikel, uniq_joseph
Temple:   zaba_magenta_temple

Skill      XL: |  1  2  3  4  5  6  7  8 |
---------------+-------------------------+-----
Short Blades   | 3 4 5 6 8 9 |  9.2
Spellcasting   | 1 |  1.7
Fighting       | |  2.6
Dodging        | |  1.5
Stealth        | |  6.0

Action                     |  1- 3 |  4- 6 |  7- 9 || total
---------------------------+-------+-------+-------++-------
  Melee: Short sword       |     9 |   172 |       ||   181
         Bite              |     4 |    87 |   119 ||   210
         Punch             |       |     4 |     3 ||     7
         Dagger            |       |    81 |   324 ||   405
  Evoke: Wand              |       |     1 |       ||     1
    Use: Potion            |       |     3 |     3 ||     6
         Scroll            |       |       |     1 ||     1
   Stab: Sleeping          |     2 |     8 |     2 ||    12
 Armour: Leather armour    |     2 |    38 |    34 ||    74
  Dodge: Dodged            |     3 |   117 |   120 ||   240
